 Dungeon Crawl Stone Soup version 0.25.1-2-g60ff931df9 (webtiles) character file.

Game seed: 10114137307611091703

28 DearestLeader the Unweaver (level 3, 29/29 HPs)
             Began as a Demonspawn Abyssal Knight on Sept 26, 2020.
             Was a Follower of Lugonu.
             Quit the game on level 2 of the Dungeon.
             The game lasted 00:01:43 (1308 turns).

DearestLeader the Unweaver (DsAK)                   Turns: 1308, Time: 00:01:43

Health: 29/29      AC:  3    Str: 13    XL:     3   Next: 0%
Magic:  5/5        EV: 11    Int: 13    God:    Lugonu [*.....]
Gold:   116        SH:  0    Dex: 12    Spells: 2/2 levels left

rFire    . . .     SeeInvis .   a - +1 hand axe
rCold    . . .     Gourm    .   (no shield)
rNeg     . . .     Faith    .   b - +0 leather armour
rPois    .         Spirit   .   (helmet restricted)
rElec    .         Reflect  .   (no cloak)
rCorr    .         Harm     .   (no gloves)
MR       .....                  (no boots)
Stlth    ++........             (no amulet)
HPRegen  0.09/turn              (no ring)
MPRegen  0.09/turn              (no ring)

@: no status effects
A: antennae 1, nightstalker 1
a: Depart the Abyss, Renounce Religion


You were on level 2 of the Dungeon.
You worshipped Lugonu.
Lugonu was aware of your devotion.
You were not hungry.

You visited 1 branch of the dungeon, and saw 2 of its levels.
You visited the Abyss 1 time.

You collected 116 gold pieces.

Inventory:

Hand Weapons
 a - a +1 hand axe (weapon)
Armour
 b - a +0 leather armour (worn)
Scrolls
 d - a scroll of teleportation {unknown}
 f - a scroll of magic mapping {unknown}
 i - a scroll of identify {unknown}
 j - a scroll of enchant armour {unknown}
Potions
 e - a potion of berserk rage {unknown}
 g - a potion of heal wounds {unknown}
 h - a potion of curing {unknown}
 k - a potion of haste {unknown}
Comestibles
 c - 4 rations


   Skills:
 - Level 3.0 Fighting
 * Level 2.8 Axes
 - Level 1.7 Armour
 - Level 0.8 Dodging
 + Level 3.2 Invocations


You had 2 spell levels left.
You didn't know any spells.
Your spell library was empty.

Dungeon Overview and Level Annotations

Branches:
Dungeon (2/15)

Altars:


Innate Abilities, Weirdness & Mutations

You have a pair of small antennae on your head.
You are slightly more attuned to the shadows.


Message History

The kobold shouts!
You barely miss the kobold.
The kobold hits you with a +0 short sword.
You hit the kobold but do no damage.
The kobold hits you with a +0 short sword.
You barely miss the kobold. The kobold barely misses you.
You hit the kobold.
The kobold is severely wounded.
The kobold hits you but does no damage. The kobold misses you.
You hit the kobold.
You kill the kobold!
Lugonu accepts your kill.
You have reached level 3!
Your experience leads to an increase in your attributes!
Increase (S)trength, (I)ntelligence, or (D)exterity?
You feel stronger.
Your demonic ancestry asserts itself...
A pair of antennae grows on your head!
All of the chunks of flesh in your inventory have rotted away.
f - a scroll labeled VOANYI GUSHIM Are you sure you want to abandon this character and quit the game? (Confirm with "yes".)

+# . #.#
..######.#
.......#.##
#....)....##
#......@...####
##.............
#.....#..####
###.###..#
#......#
#####.## #.#
#.# #.#


There were no monsters in sight!

Vanquished Creatures
  A dart slug (D:1)
  4 bats (D:1)
  4 goblins (D:1)
  7 hobgoblins
  3 frilled lizards (D:1)
  3 kobolds
  2 rats (D:1)
24 creatures vanquished.

Notes
Turn   | Place    | Note
-------+----------+-------------------------------------------
     0 | Abyss:1  | DearestLeader the Demonspawn Abyssal Knight began the quest
                  | for the Orb.
     0 | Abyss:1  | Reached XP level 1. HP: 18/18 MP: 2/2
    75 | Abyss:1  | Noticed a fire bat
    76 | D:1      | Escaped the Abyss
   345 | D:1      | Gained mutation: You are slightly more attuned to the
                  | shadows. [demonic ancestry]
   345 | D:1      | Reached XP level 2. HP: 14/24 MP: 4/4
   632 | D:1      | Reached * piety under Lugonu
  1256 | D:2      | Gained mutation: You have a pair of small antennae on your
                  | head. [demonic ancestry]
  1256 | D:2      | Reached XP level 3. HP: 24/29 MP: 5/5
  1308 | D:2      | Quit the game

Illustrated notes

Levels and vault maps discovered:
D:1:      minmay_arrival_loop, layout_loops_corners
D:2:      layout_loops_corners

Skill      XL: |  1  2 |
---------------+-------+-----
Axes           | 2 |  2.8
Invocations    | 3 |  3.2
Fighting       | |  3.0
Armour         | |  1.7
Dodging        | |  0.8

Action                   || total
-------------------------++-------
Melee: Hand axe          ||    73
Invok: Depart the Abyss  ||     1
 Stab: Sleeping          ||     5
  Eat: Chunk             ||     1
Armor: Leather armour    ||    16
Dodge: Dodged            ||    36
